 Dungeon Crawl Stone Soup version 0.30.1-9-gdf580d7c3d (webtiles) character file.

Game seed: 15368735806110160133

51 fireball365 the Trooper (level 3, -1/33 HPs)
             Began as a Hill Orc Fighter on Oct 8, 2023.
             Slain by Terence
             ... wielding a +0 hand axe
              (4 damage)
             ... on level 2 of the Dungeon.
             The game lasted 00:01:58 (1093 turns).

fireball365 the Trooper (Hill Orc Fighter)          Turns: 1093, Time: 00:01:59

Health: -1/33      AC:  7    Str: 26    XL:     3   Next: 83%
Magic:  3/3        EV:  9    Int:  8    God:
Gold:   49         SH:  4    Dex: 10    Spells: 2/2 levels left

rFire   . . .        a - +0 rapier
rCold   . . .        c - +0 buckler
rNeg    . . .        b - +0 scale mail
rPois   .            (no helmet)
rElec   .            (no cloak)
rCorr   .            (no gloves)
SInv    .            (no boots)
Will    .....        (no amulet) Stlth
                     l - +6 ring of strength
HPRegen 0.25/turn    (no ring)
MPRegen 0.08/turn

%: no passive effects
@: no status effects
A: no striking features
a: no special abilities


You were on level 2 of the Dungeon.
You visited 1 branch of the dungeon, and saw 2 of its levels.

You collected 49 gold pieces.

Inventory:

Hand Weapons
 a - a +0 rapier (weapon)
Missiles
 j - 4 poisoned darts (quivered)
Armour
 b - a +0 scale mail (worn)
 c - a +0 buckler (worn)
Jewellery
 l - a +6 ring of strength (left hand)
Wands
 n - a wand of polymorph (4)
Scrolls
 e - a scroll of acquirement {unknown}
 h - a scroll of enchant armour {unknown}
 k - a scroll of poison {unknown}
 m - 2 scrolls of identify {unknown}
Potions
 d - a potion of might
 f - a potion of cancellation {unknown}
 g - 2 potions of berserk rage {unknown}
 i - a potion of heal wounds {unknown}
 o - a potion of curing {unknown}


   Skills:
 + Level 4.0 Fighting
 + Level 2.6 Short Blades
 + Level 3.7 Armour
 + Level 0.1 Dodging
 + Level 0.1 Stealth
 + Level 4.0 Shields


You had 2 spell levels left.
You didn't know any spells.
Your spell library was empty.

Dungeon Overview and Level Annotations

Branches:
Dungeon (2/15)

Altars:

Annotations:
D:2 Terence


Message History

You hit Terence but do no damage.
Terence is heavily wounded.
The bat hits you but does no damage. x2; Terence hits you with a +0 hand axe.
You hit Terence but do no damage.
Terence is heavily wounded.
The bat barely misses you. The bat hits you but does no damage.
Terence hits you but does no damage.
You hit Terence.
Terence is severely wounded.
The bat hits you but does no damage. The bat barely misses you.
Terence barely misses you.
You hit Terence but do no damage.
Terence is severely wounded.
The bat barely misses you. The bat hits you but does no damage.
Terence hits you with a +0 hand axe.
You closely miss Terence.
Terence is severely wounded.
The bat barely misses you. Terence hits you with a +0 hand axe.
You hit Terence but do no damage.
Terence is severely wounded.
The bat hits you. Terence hits you but does no damage.
You hit Terence.
Terence is severely wounded.
The bat hits you but does no damage. The bat misses you.
Terence barely misses you. The bat hits you but does no damage.
Terence hits you with a +0 hand axe!
* * * LOW HITPOINT WARNING * * *
You hit Terence but do no damage.
Terence is severely wounded.
The bat barely misses you. Terence hits you with a +0 hand axe.
* * * LOW HITPOINT WARNING * * *
You hit Terence.
Terence is severely wounded.
The bat hits you but does no damage. Terence hits you but does no damage.
You feel stronger.
l - a +6 ring of strength (left hand)
You hit Terence.
Terence is almost dead.
Terence hits you with a +0 hand axe.
You die...

### ..# #.# #.# #(#
#.################
.######.@..............#
........@..####.)#####.#
.######b##.# #...####.#
#.##.# #.#......# #.##.#
#...#######
#.##.####..........
#.##...<....#######
#.#######...#
#.#######.>.#
..........#


You could see Terence and a bat.

Vanquished Creatures
  2 adders (D:2)
  A dart slug (D:1)
  4 ball pythons
  3 bats
  2 endoplasms (D:1)
  6 quokkas
  3 frilled lizards (D:1)
  4 goblins
  4 kobolds (D:1)
  3 rats (D:1)
32 creatures vanquished.

Notes
Turn   | Place    | Note
-------+----------+-------------------------------------------
     0 | D:1      | fireball365 the Hill Orc Fighter began the quest for the
                  | Orb.
     0 | D:1      | Reached XP level 1. HP: 19/19 MP: 1/1
   210 | D:1      | Reached XP level 2. HP: 27/27 MP: 2/2
   263 | D:1      | Found a faded altar of an unknown god.
   608 | D:1      | Reached XP level 3. HP: 19/33 MP: 3/3
  1070 | D:2      | Noticed Terence
  1093 | D:2      | Slain by Terence

Illustrated notes

Levels and vault maps discovered:
D:1:      nagdon_arrival_zigzag_paths, layout_basic,
          shapermc_ecumenical_altar_ellora
D:2:      layout_loops_ring, uniq_terence

Skill      XL: |  1  2  3 |
---------------+----------+-----
Fighting       | 4 |  4.0
Shields        | 4 |  4.0
Short Blades   | |  2.6
Armour         | |  3.7
Dodging        | |  0.1
Stealth        | |  0.1

Action                     || total
---------------------------++-------
  Melee: Rapier            ||   167
 Armour: Scale mail        ||   118
  Dodge: Dodged            ||    80
  Block: Buckler           ||    38
